 Dungeon Crawl Stone Soup version 0.28-a0-957-g42eb19b844 (webtiles) character file.

Game seed: 8580473392863195168

868 Hipnos the Magician (level 7, 0/37 HPs)
             Began as a Deep Elf Fire Elementalist on Nov 30, 2021.
             Slain by Edmund (1 damage)
             ... on level 4 of the Dungeon.
             The game lasted 00:06:57 (3307 turns).

Hipnos the Magician (Deep Elf Fire Elementalist)    Turns: 3307, Time: 00:06:58

Health: 0/37       AC:  4    Str:  5    XL:     7   Next: 73%
Magic:  12/20      EV: 12    Int: 22    God:
Gold:   129        SH:  0    Dex: 15    Spells: 14/21 levels left

rFire   . . .      SeeInvis +   q - +3 halberd
rCold   . . .      Faith    .   (shield currently unavailable)
rNeg    . . .      Spirit   .   a - +0 robe
rPois   .          Reflect  .   (no helmet)
rElec   .          Harm     .   (no cloak)
rCorr   .          Rampage  .   t - +0 pair of gloves
Will    .....                   k - +0 pair of boots
Stlth   ++........              g - amulet of magic regeneration
HPRegen 0.12/turn               n - ring of see invisible
MPRegen 0.57/turn               p - ring of wizardry

@: no status effects
A: no striking features
a: no special abilities


You were on level 4 of the Dungeon.
You visited 1 branch of the dungeon, and saw 4 of its levels.

You collected 129 gold pieces.

Inventory:

Hand Weapons
 i - a +0 dagger
 q - a +3 halberd (weapon)
Armour
 a - a +0 robe (worn)
 k - a +0 pair of boots (worn)
 t - a +0 pair of gloves (worn)
Jewellery
 g - an amulet of magic regeneration (around neck)
 n - a ring of see invisible (left hand)
 p - a ring of wizardry (right hand)
Wands
 u - a wand of digging (5)
Scrolls
 d - a scroll of torment {unknown}
 e - 3 scrolls of teleportation {unknown}
 h - 2 scrolls of amnesia {unknown}
 m - a scroll of fear {unknown}
 o - a scroll of summoning {unknown}
 r - a scroll of identify {unknown}
 v - a scroll of vulnerability {unknown}
Potions
 b - a potion of flight {unknown}
 c - 2 potions of lignification {unknown}
 f - a potion of invisibility {unknown}
 j - a potion of degeneration {unknown}
 l - 2 potions of might {unknown}
 s - a potion of curing {unknown}
 w - a potion of mutation {unknown}


   Skills:
 + Level 0.4 Fighting
 + Level 2.6 Dodging
 - Level 2.4 Stealth
 + Level 7.8 Spellcasting
 + Level 5.0 Conjurations
 + Level 6.2 Fire Magic


You had 14 spell levels left.
You knew the following spells:

 Your Spells              Type           Power      Damage    Failure   Level
a - Foxfire               Conj/Fire      100%       2x1d9     1%          1
b - Scorch                Fire           72%        2d9       1%          2
c - Conjure Flame         Conj/Fire      33%        6-21      1%          3
d - Slow                  Hex            32%        N/A       3%          1

Your spell library contained the following spells:

 Spells                   Type           Power      Damage    Failure   Level
 Inner Flame              Hex/Fire       22%        N/A       2%          3
 Flame Wave               Conj/Fire      33%        2d7       3%          4


Dungeon Overview and Level Annotations

Branches:
Dungeon (4/15)
 Temple: D:4-7

Altars:

Annotations:
D:4 Edmund


Message History

Edmund is moderately wounded.
You conjure some foxfire!
The foxfire hits Edmund but does no damage.
Edmund is moderately wounded.
The foxfire hits Edmund.
Edmund is moderately wounded.
Edmund says, "People will remember me!
They'll remember me and die!"
Edmund hits you with a +0 flail of protection!
Casting: Foxfire (safe; 1% risk of failure)
Confirm with . or Enter, or press ? or * to list all spells.
Flames lash Edmund.
Edmund is heavily wounded.
Edmund's fire resistance burns away.
The foxfire hits Edmund but does no damage.
Edmund is heavily wounded.
The foxfire hits Edmund but does no damage.
Edmund is heavily wounded.
Edmund barely misses you.
Casting: Scorch (safe; 1% risk of failure)
Confirm with . or Enter, or press ? or * to list all spells.
Flames lash Edmund.
Edmund is burned terribly!
Edmund is almost dead.
Edmund hits you with a +0 flail of protection.
Casting: Scorch (safe; 1% risk of failure)
Confirm with . or Enter, or press ? or * to list all spells.
Flames lash the jelly.
The jelly is heavily wounded.
The jelly's fire resistance burns away.
Edmund hits you with a +0 flail of protection!
* * * LOW HITPOINT WARNING * * *
Casting: Scorch (safe; 1% risk of failure)
Confirm with . or Enter, or press ? or * to list all spells.
Flames lash Edmund.
Edmund is almost dead.
The jelly hits you.
* * * LOW HITPOINT WARNING * * *
You are splashed with acid!
* * * LOW HITPOINT WARNING * * *
Edmund hits you with a +0 flail of protection.
You die...

.#.##.......#.###..
.#................ #.#
.#.###........ #.. #.#
.......#....# #.# #.#
.#....(.....#.##.# #.#
.#.###.#....#.##.# #.#
.#.#
#...........####.####
.#.#
#.#.......J@........#
.#.###.#........@..#..###
........................#
#..###.............#..#.#
#..###.#.#.##.#########.#
................ #..#
.......#.#.##.#. ##.#
##............# #.#
#..#..#.#.##.# #.#
##.....#.#.##.# #.#


You could see Edmund (combustible) and a jelly (combustible).

Vanquished Creatures
  Sigmund (D:3)
  2 black bears
  An ogre (D:4)
  A bullfrog (D:4)
  2 hounds (D:4)
  2 orc priests (D:3)
  2 orc wizards (D:3)
  7 gnolls
  4 adders
  A worm (D:2)
  A dart slug (D:2)
  8 orcs
  9 ball pythons
  13 endoplasms
  4 goblins
  6 hobgoblins
  12 jackals
  6 bats
  4 frilled lizards
  7 kobolds
  3 rats
96 creatures vanquished.

Vanquished Creatures (others)
  An orc wizard (D:3)
  464 foxfires
465 creatures vanquished.

Grand Total: 561 creatures vanquished

Notes
Turn   | Place    | Note
-------+----------+-------------------------------------------
     0 | D:1      | Hipnos the Deep Elf Fire Elementalist began the quest for
                  | the Orb.
     0 | D:1      | Reached XP level 1. HP: 10/10 MP: 6/6
   298 | D:1      | Reached XP level 2. HP: 15/15 MP: 5/8
   619 | D:1      | Reached XP level 3. HP: 1/19 MP: 5/10
   980 | D:1      | Found a faded altar of an unknown god.
   993 | D:1      | Got Plato's Volume of Curses
   997 | D:1      | Learned a level 2 spell: Scorch
  1001 | D:1      | Learned a level 3 spell: Conjure Flame
  1003 | D:1      | Learned a level 1 spell: Slow
  1843 | D:2      | Reached skill level 4 in Spellcasting
  1846 | D:2      | Reached XP level 4. HP: 24/24 MP: 2/12
  2238 | D:3      | Noticed a black bear
  2242 | D:3      | Killed a black bear
  2243 | D:3      | Reached skill level 5 in Spellcasting
  2243 | D:3      | Reached XP level 5. HP: 13/28 MP: 6/15
  2469 | D:3      | Reached skill level 5 in Fire Magic
  2539 | D:3      | Reached XP level 6. HP: 33/33 MP: 13/16
  2659 | D:3      | Reached skill level 6 in Spellcasting
  2925 | D:3      | Noticed Sigmund
  2933 | D:3      | Killed Sigmund
  2934 | D:3      | Reached XP level 7. HP: 37/37 MP: 14/19
  3063 | D:4      | Reached skill level 7 in Spellcasting
  3259 | D:4      | Reached skill level 5 in Conjurations
  3292 | D:4      | Noticed Edmund
  3307 | D:4      | HP: 1/37 [acid (9)]
  3307 | D:4      | Slain by Edmund

Illustrated notes

Levels and vault maps discovered:
D:1:      scummos_arrival_simple_crosswalls, layout_basic,
          shapermc_ecumenical_altar_rom_forum
D:2:      layout_loops_ring
D:3:      layout_rooms, uniq_sigmund
D:4:      layout_basic, mainiacjoe_overflow_alcove_2, uniq_edmund, uniq_ijyb

Skill      XL: |  1  2  3  4  5  6  7 |
---------------+----------------------+-----
Fire Magic     | 4 5 6 |  6.2
Spellcasting   | 4 5 6 7 |  7.8
Conjurations   | 2 3 4 5 |  5.0
Fighting       | |  0.4
Dodging        | |  2.6
Stealth        | |  2.4

Action                   |  1- 3 |  4- 6 |  7- 9 || total
-------------------------+-------+-------+-------++-------
Melee: Unarmed           |     1 |       |       ||     1
 Cast: Foxfire           |   150 |   103 |    50 ||   303
       Scorch            |     8 |    11 |     5 ||    24
Armor: Robe              |     2 |       |     1 ||     3
Dodge: Dodged            |    18 |     3 |     5 ||    26

Table legend: (Time is in decaauts)
 A = Elapsed time spent in this place.
 B = Non-inter-level travel time spent in this place.
 C = Inter-level travel time spent in this place.
 D = Time resting spent in this place.
 E = Time spent auto-exploring this place.
 F = Levels seen in this place.
 G = Mean time per level.
                   A        B        C        D        E       F      G
               +--------+--------+--------+--------+--------+-----+--------+
         Total |   3304 |   3196 |    108 |      0 |   2577 |   4 |  826.0 |
       Dungeon |   3304 |   3196 |    108 |      0 |   2577 |   4 |  826.0 |
               +--------+--------+--------+--------+--------+-----+--------+

Top non-repeatable levels by time:
     D:1: 1456 daAuts
     D:3: 773 daAuts
     D:2: 765 daAuts
     D:4: 308 daAuts
